 Dungeon Crawl Stone Soup version 0.23.2-1-ga50397a (webtiles) character file.

Game seed: 3977563525060084352

166 IBeShadow the Firebug (level 5, 0/29 HPs)
             Began as a Deep Elf Fire Elementalist on May 30, 2019.
             Killed from afar by Sigmund (5 damage)
             ... with a puff of flame
             ... on level 6 of the Dungeon.
             The game lasted 00:04:37 (2783 turns).

IBeShadow the Firebug (Deep Elf Fire Elementalist)  Turns: 2783, Time: 00:04:39

Health: 0/29       AC:  5    Str:  4 (5)  XL:     5   Next: 22%
Magic:  1/11       EV: 12    Int: 19 (21) God:
Gold:   107        SH:  0    Dex: 12 (15) Spells: 4/10 levels left

rFire    . . .     SeeInvis .   e - +2 dagger (freeze)
rCold    . . .     Gourm    .   (no shield)
rNeg     + . .     Faith    .   q - +0 robe {rN+}
rPois    .         Spirit   .   (no helmet)
rElec    .         Reflect  .   (no cloak)
rCorr    .         Harm     .   (no gloves)
MR       .....                  (no boots)
Stlth    ++........             (no amulet)
HPRegen  0.09/turn              m - +3 ring of protection
MPRegen  0.12/turn              g - ring of flight

@: no status effects
A: no striking features
a: Evoke Flight


You were on level 6 of the Dungeon.
You were hungry.

You visited 1 branch of the dungeon, and saw 4 of its levels.

You collected 107 gold pieces.

Inventory:

Hand Weapons
 e - a +2 dagger of freezing (weapon)
Armour
 q - a +0 robe of positive energy (worn)
 r - a +0 leather armour
Jewellery
 g - a ring of flight (right hand)
 m - a +3 ring of protection (left hand)
Wands
 p - a wand of digging (6)
Scrolls
 d - a scroll of blinking {unknown}
 f - a scroll of enchant armour {unknown}
 h - a scroll of identify {unknown}
 i - a scroll of teleportation
 k - 4 scrolls of remove curse {unknown}
 n - 2 scrolls of amnesia {unknown}
Potions
 l - a potion of lignification {unknown}
 o - a potion of ambrosia {unknown}
Comestibles
 c - 2 rations


   Skills:
 + Level 1.3 Fighting
 - Level 2.4 Dodging
 + Level 3.7 Stealth
 - Level 3.0 Spellcasting
 * Level 3.3 Conjurations
 * Level 4.5 Fire Magic


You had 4 spell levels left.
You knew the following spells:

 Your Spells              Type           Power        Failure   Level  Hunger
a - Flame Tongue          Conj/Fire      ###..        3%          1    None
b - Throw Flame           Conj/Fire      ###...       4%          2    ##.....
c - Conjure Flame         Conj/Fire      ###.....     9%          3    ###....

Your spell library contained the following spells:

 Spells                   Type           Power        Failure   Level  Hunger
 Inner Flame              Hex/Fire       ##......     19%         3    ###....
 Sticky Flame             Conj/Fire      ###.....     30%         4    ####...
 Fireball                 Conj/Fire      ###.......   63%         5    ######.


Dungeon Overview and Level Annotations

Branches:
Dungeon (3/15)

Altars:
Makhleb
Zin
The Shining One

Annotations:
D:6 Sigmund


Message History

Confirm with . or Enter, or press ? or * to list all spells.
Aiming: Throw Flame (safe; 4% risk of failure)
Press: ? - help, Shift-Dir - straight line, f - crimson imp
Aim: a crimson imp The puff of flame hits something.
Something hits you!
Ouch! That really hurt!
* * * LOW HITPOINT WARNING * * *
x2 The crimson imp blinks!
Unknown command.
You feel better.
A magic dart appears from out of thin air!
The magic dart hits you.
* * * LOW HITPOINT WARNING * * *
It was a potion of degeneration.
There was something very wrong with that liquid.
You feel weakened.
You feel dopey.
You feel clumsy.
You hear some strange, mumbled words.
A puff of flame appears from out of thin air!
The puff of flame hits you.
You die...

#.#######.###..##
#.# #.###..# ..#
#......# #.#
#####.#### #.#
#....# ####.# #.#
#5# #@# #)# #{#
##.## ##...##
#.....#
##...#######
#####..##......
..............#


You could see a crimson imp.

Vanquished Creatures
  A scorpion (D:6)
  Jessica (D:2)
  An adder (D:2)
  An ooze (D:1)
  A worm (D:2)
  4 dart slugs
  3 orcs (D:6)
  7 goblins
  8 hobgoblins
  2 jackals (D:6)
  A quokka (D:2)
  10 bats
  11 frilled lizards
  A goblin zombie (D:6)
  7 kobolds
  A kobold skeleton (D:6)
  A kobold zombie (D:6)
  An orc skeleton (D:6)
  An orc zombie (D:6)
  3 rats (D:1)
66 creatures vanquished.

Notes
Turn   | Place    | Note
-------+----------+-------------------------------------------
     0 | D:1      | IBeShadow the Deep Elf Fire Elementalist began the quest
                  | for the Orb.
     0 | D:1      | Reached XP level 1. HP: 10/10 MP: 6/6
   328 | D:1      | Reached XP level 2. HP: 11/15 MP: 2/8
   786 | D:1      | Reached XP level 3. HP: 20/20 MP: 9/9
  1384 | D:2      | Found a burning altar of Makhleb.
  1424 | D:2      | Learned a level 2 spell: Throw Flame
  1428 | D:2      | Learned a level 3 spell: Conjure Flame
  1575 | D:2      | Reached skill level 4 in Fire Magic
  1854 | D:2      | Noticed Jessica
  1859 | D:2      | Killed Jessica
  1859 | D:2      | Reached skill level 1 in Fighting
  1859 | D:2      | Reached XP level 4. HP: 25/25 MP: 3/10
  2171 | D:2      | Found a glowing silver altar of Zin.
  2172 | D:2      | Noticed an Executioner
  2172 | D:2      | Noticed an angel
  2332 | D:3      | You fall through a shaft for 3 floors!
  2382 | D:6      | Reached XP level 5. HP: 16/29 MP: 0/11
  2701 | D:6      | Found a glowing golden altar of the Shining One.
  2701 | D:6      | Noticed an orc warrior
  2742 | D:6      | Noticed Sigmund
  2781 | D:6      | HP: 1/29 [something (4)]
  2783 | D:6      | Killed from afar by Sigmund

Skill      XL: |  1  2  3  4 |
---------------+-------------+-----
Stealth        | 3 |  3.7
Conjurations   | 2 3 |  3.3
Fire Magic     | 4 |  4.5
Fighting       | 1 |  1.3
Dodging        | |  2.4
Spellcasting   | |  3.0

Action                   |  1- 3 |  4- 6 || total
-------------------------+-------+-------++-------
Melee: Dagger            |    76 |    70 ||   146
 Cast: Flame Tongue      |    25 |     7 ||    32
       Throw Flame       |    10 |    18 ||    28
  Use: Scroll            |       |     1 ||     1
       Potion            |       |     3 ||     3
 Stab: Sleeping          |     5 |     3 ||     8
  Eat: Chunk             |     3 |     3 ||     6
Armor: Robe              |    23 |    15 ||    38
Dodge: Dodged            |    43 |    39 ||    82
